 Dungeon Crawl Stone Soup version 0.30-a0-748-ge6a52f7cba (webtiles) character file.

Game seed: 6352185634973519710

21737 AzureAlchemist the Nimble (level 12, -8/89 HPs)
             Began as a Demigod Earth Elementalist on Feb 7, 2023.
             Mangled by a small abomination (16 damage)
             ... on level 5 of the Lair of Beasts on Feb 8, 2023.
             The game lasted 01:23:02 (21741 turns).

AzureAlchemist the Nimble (DgEE)                   Turns: 21741, Time: 01:23:03

Health: -8/89      AC:  7    Str:  9    XL:     12   Next: 26%
Magic:  26/26      EV: 17    Int: 33    God:
Gold:   1023       SH:  0    Dex: 14    Spells: 13/25 levels left

rFire   . . .      SeeInvis .    b - +3 shortbow (elec)
rCold   + . .      Faith    .    (shield currently unavailable)
rNeg    + . .      Spirit   .    B - +0 troll leather armour
rPois   .          Reflect  +    (no helmet)
rElec   .          Harm     .    j - +2 cloak
rCorr   .          Rampage  .    (no gloves)
Will    +....                    (no boots)
Stlth   +                        c - amulet of Ontux {Reflect rC+ SH+5}
HPRegen 0.00/turn                q - ring of positive energy
MPRegen 0.20/turn                (no ring)

@: confused, about to teleport, sick
A: high MP 1, forlorn, divine attributes
a: no special abilities


You were on level 5 of the Lair of Beasts.
You visited 2 branches of the dungeon, and saw 15 of its levels.

You collected 1023 gold pieces.

Inventory:

Hand Weapons
 a - a +1 dagger of speed
 b - a +3 shortbow of electrocution (weapon)
Missiles
 x - a throwing net
 y - a curare-tipped dart
Armour
 j - a +2 cloak (worn)
 B - a +0 troll leather armour (worn)
 G - a +1 ring mail of willpower
Jewellery
 c - the amulet of Ontux (around neck) {Reflect rC+ SH+5}
   (You found it on level 1 of the Lair of Beasts)

   [amulet of reflection]

   It reflects blocked missile attacks.
   rC:        It protects you from cold.
   SH:        It affects your SH (+5).
 q - a ring of positive energy (left hand)
Wands
 o - a wand of paralysis (14)
 w - a wand of flame (36)
 C - a wand of polymorph (4)
 D - a wand of digging (7)
Scrolls
 f - 7 scrolls of teleportation
 l - a scroll of immolation
 s - 2 scrolls of poison
 t - a scroll of fog
 A - a scroll of fear
 E - 2 scrolls of enchant armour
 F - a scroll of summoning
Potions
 d - 5 potions of lignification
 e - 3 potions of brilliance
 g - 3 potions of flight
 h - 2 potions of haste
 i - 2 potions of mutation
 k - 8 potions of curing
 m - 2 potions of invisibility
 n - a potion of resistance
 p - 5 potions of attraction
 r - 4 potions of heal wounds
 u - 3 potions of magic
 v - a potion of cancellation
 z - a potion of might
 H - a potion of berserk rage


   Skills:
 + Level 3.0 Fighting
 - Level 7.0 Short Blades
 - Level 0.3 Armour
 - Level 12.0 Dodging
 - Level 7.0 Stealth
 - Level 7.0 Spellcasting
 - Level 8.0 Conjurations
 - Level 5.0 Transmutations
 - Level 2.0 Air Magic
 - Level 8.0 Earth Magic
 - Level 2.0 Poison Magic


You had 13 spell levels left.
You knew the following spells:

 Your Spells              Type           Power      Damage    Failure   Level
a - Sandblast             Erth           100%       2d20      1%          1
b - Passwall              Tmut/Erth      44%        N/A       1%          2
c - Stone Arrow           Conj/Erth      100%       3d13      1%          3
d - Petrify               Tmut/Erth      53%        N/A       3%          4
e - Poisonous Vapours     Pois/Air       48%        N/A       3%          2

Your spell library contained the following spells:

 Spells                   Type           Power      Damage    Failure   Level
 Beastly Appendage        Tmut           88%        N/A       1%          1
 Magic Dart               Conj           100%       1d8       1%          1
 Wereblood                Tmut           44%        N/A       1%          2
 Mephitic Cloud           Conj/Pois/Air  38%        N/A       3%          3
 Spider Form              Tmut/Pois      34%        N/A       3%          3
 Cigotuvi's Dreadful Rot  Necr/Pois/Air  40%        N/A       4%          2
 Summon Small Mammal      Summ           44%        N/A       5%          1
 Call Imp                 Summ           11%        N/A       8%          2
 Call Canine Familiar     Summ           11%        N/A       16%         3
 Gell's Gravitas          Tloc           11%        N/A       16%         3
 Summon Guardian Golem    Hex/Summ       11%        N/A       16%         3
 Teleport Other           Tloc           11%        N/A       16%         3
 Dispersal                Tloc           5%         N/A       100%        6


Dungeon Overview and Level Annotations

Branches:
Dungeon (10/15)            Temple (0/1) D:6            Lair (4/5) D:9
 Shoals (0/4) Lair:2       Spider (0/4) Lair:2
  Slime: Lair:4-5       Orc: D:9-12

Shops:
D:4 *

Annotations:
D:7 1 runed translucent door, experimilk's ghost, novice DrCj
Lair:1 1 runed translucent door, exclusion: door, jimonade's ghost, journeyman DjTm
Lair:2 3 runed translucent doors, mandoloar's ghost, journeyman DECj
Lair:3 1 runed translucent door, exclusion: door, Ustreg's ghost, adept DsGl


Innate Abilities, Weirdness & Mutations

You have an increased reservoir of magic. (+10% MP)
You shall have no god before yourself.
Your divine heritage dramatically boosts your attributes as you level up.


Message History

The blink frog hits you but does no damage.
You are too confused!
You feel better. The small abomination hits you! The golden eye blinks at you.
You easily resist.
The small abomination closely misses you.
The blink frog hits you.
As you read the scroll of teleportation, it crumbles to dust.
You feel strangely unstable. The golden eye blinks at you.
You resist with almost no effort.
The small abomination closely misses you.
The small abomination hits you! You block the blink frog's attack.
The golden eye blinks at you.
You are confused.
The small abomination completely misses you.
You feel ill.
You bump into the demonic tree.
The blink frog hits you!
A black mamba comes into view.
The small abomination misses you.
The small abomination closely misses you.
The blink frog blinks!
A ynoxinul comes into view.
The small abomination closely misses you.
You feel better.
You block the small abomination's attack.
The golden eye blinks at you.
You are confused.
The blink frog misses you.
The small abomination closely misses you.
You bump into the tree.
The black mamba hisses angrily.
The golden eye blinks at you.
You are more confused.
The small abomination hits you!
* * * LOW HITPOINT WARNING * * *
The blink frog blinks!
The small abomination hits you!
* * * LOW HITPOINT WARNING * * *
The small abomination hits you!
You die...

♣.. ..♣ F.♣ 3.
♣♣x ♣♣♣♣♣.G♣♣
♣..S..xx♣♣♣♣
.......x@..♣
..♣♣♣♣.x♣♣..÷[)♣
♣♣♣♣ ♣♣♣♣♣


You could see an ancient zyme, a black mamba, a blink frog, a ynoxinul, 4 small
abominations and a golden eye.

Vanquished Creatures
  A hydra (Lair:3)
  A two-headed ogre (D:10)
  Erica (D:8)
  3 death yaks (Lair:3)
  An ugly thing (D:10)
  2 cyclopes
  14 elephants
  2 black mambas
  A cane toad (Lair:2)
  A rime drake (D:9)
  Maggie (Lair:2)
  Psyche (D:9)
  3 komodo dragons
  A troll (D:10)
  10 blink frogs
  Prince Ribbit (Lair:3)
  16 yaks
  A fire elemental (Lair:2)
  A wyvern (Lair:3)
  A steam dragon (D:7)
  4 water moccasins
  An ice beast (D:9)
  6 orc warriors
  2 sky beasts
  7 wolves
  2 centaurs
  4 kobold brigands
  A necrophage (D:3)
  7 bullfrogs
  2 scorpions (D:6)
  5 wights (D:8)
  17 killer bees
  2 howler monkeys
  A gnoll bouda (D:8)
  2 hounds
  5 orc priests
  2 jellies
  2 iguanas
  6 orc wizards
  13 gnolls
  12 adders
  3 shadow imps
  An ufetubus (D:6)
  A worm (D:2)
  3 dart slugs
  28 orcs
  3 bats
  6 endoplasms
  3 giant cockroaches
  7 goblins
  6 hobgoblins
  9 jackals
  28 kobolds
  3 quokkas
  10 ball pythons
  5 frilled lizards
  2 rats
284 creatures vanquished.

Vanquished Creatures (collateral kills)
  A hound (D:6)
1 creature vanquished.

Vanquished Creatures (others)
  8 fungi
  41 plants
  3 toadstools (D:2)
52 creatures vanquished.

Grand Total: 337 creatures vanquished

Notes
Turn   | Place    | Note
-------+----------+-------------------------------------------
     0 | D:1      | AzureAlchemist the Demigod Earth Elementalist began the
                  | quest for the Orb.
     0 | D:1      | Reached XP level 1. HP: 14/14 MP: 5/5
   261 | D:1      | Reached XP level 2. HP: 20/20 MP: 5/7
   266 | D:1      | Learned a level 2 spell: Passwall
   543 | D:1      | Reached skill level 1 in Conjurations
  1385 | D:2      | Reached XP level 3. HP: 26/26 MP: 6/9
  1389 | D:2      | Learned a level 3 spell: Stone Arrow
  2101 | D:2      | Reached XP level 4. HP: 33/33 MP: 5/10
  2915 | D:3      | Reached XP level 5. HP: 38/38 MP: 10/12
  2920 | D:3      | Learned a level 4 spell: Petrify
  3331 | D:4      | Found Hiog's General Store.
  3789 | D:4      | Reached XP level 6. HP: 45/45 MP: 12/14
  4333 | D:5      | Entered Level 5 of the Dungeon
  4912 | D:6      | Reached skill level 1 in Transmutations
  4971 | D:6      | Reached skill level 2 in Dodging
  4971 | D:6      | Reached XP level 7. HP: 43/51 MP: 10/15
  5275 | D:6      | Noticed a cyclops
  5279 | D:6      | Killed a cyclops
  5280 | D:6      | Reached skill level 1 in Fighting
  5280 | D:6      | Reached skill level 1 in Short Blades
  5609 | D:6      | Reached skill level 3 in Dodging
  5609 | D:6      | Reached XP level 8. HP: 43/60 MP: 13/17
  5888 | D:6      | Found a staircase to the Ecumenical Temple.
  5942 | D:6      | Reached skill level 4 in Dodging
  6585 | D:6      | Reached skill level 5 in Conjurations
  6915 | D:7      | Reached skill level 5 in Earth Magic
  7290 | D:7      | Reached skill level 5 in Dodging
  7325 | D:7      | Found a runed translucent door.
  7325 | D:7      | Noticed experimilk's ghost (novice DrCj)
  7910 | D:8      | Upgraded the game from 0.30-a0-743-gbfdf073431 to
                  | 0.30-a0-748-ge6a52f7cba
  8260 | D:8      | Identified the +0 cloak "Cuovefyi" {-Cast rPois Slay+3
                  | SInv}
  8410 | D:8      | Reached XP level 9. HP: 67/67 MP: 11/18
  9168 | D:8      | Noticed Erica
  9291 | D:8      | Killed Erica
 10393 | D:9      | Found a staircase to the Lair.
 10576 | D:9      | Noticed Psyche
 10585 | D:9      | Killed Psyche
 10815 | D:9      | Reached XP level 10. HP: 73/73 MP: 3/19
 11831 | D:9      | Reached skill level 5 in Stealth
 12228 | D:9      | Reached skill level 5 in Short Blades
 12773 | D:10     | Entered Level 10 of the Dungeon
 12877 | D:10     | Noticed a cyclops
 12891 | D:10     | Killed a cyclops
 12924 | D:10     | Noticed a two-headed ogre
 12933 | D:10     | Killed a two-headed ogre
 12934 | D:10     | Reached skill level 5 in Transmutations
 13123 | D:10     | Reached skill level 5 in Spellcasting
 13874 | D:10     | Noticed a purple ugly thing
 14140 | D:10     | Killed a purple ugly thing
 14141 | D:10     | Reached XP level 11. HP: 79/79 MP: 19/24
 14308 | D:10     | Learned a level 2 spell: Poisonous Vapours
 15641 | D:8      | Reached skill level 1 in Air Magic
 15644 | D:8      | Reached skill level 1 in Poison Magic
 16525 | Lair:1   | Entered Level 1 of the Lair of Beasts
 16749 | Lair:1   | Identified the amulet of Ontux {Reflect rC+ SH+5}
 17127 | Lair:1   | Reached skill level 6 in Dodging
 17262 | Lair:1   | Found a runed translucent door.
 17264 | Lair:1   | Noticed jimonade's ghost (journeyman DjTm)
 17275 | Lair:1   | Identified the +8 trident of the Endless March {drain,
                  | rPois rC+ Str+3 Int-2}
 17277 | Lair:1   | Noticed a spriggan rider
 17661 | Lair:2   | Found a runed translucent gate.
 17662 | Lair:2   | Found a runed translucent gate.
 17663 | Lair:2   | Found a runed translucent gate.
 17663 | Lair:2   | Noticed mandoloar's ghost (journeyman DECj)
 17675 | Lair:2   | Found a staircase to the Shoals.
 17681 | Lair:2   | Reached skill level 7 in Dodging
 17973 | Lair:2   | Noticed Maggie
 18020 | Lair:2   | Found a hole to the Spider Nest.
 18112 | Lair:2   | Reached skill level 8 in Dodging
 18193 | Lair:2   | Reached skill level 9 in Dodging
 18713 | Lair:2   | Killed Maggie
 18714 | Lair:2   | Reached skill level 10 in Dodging
 19017 | Lair:3   | Noticed a death yak
 19131 | Lair:3   | Noticed Prince Ribbit
 19178 | Lair:3   | Noticed a seven-headed hydra
 19257 | Lair:3   | Killed a seven-headed hydra
 19258 | Lair:3   | Reached skill level 11 in Dodging
 19403 | Lair:3   | Killed Prince Ribbit
 19637 | Lair:3   | Reached skill level 12 in Dodging
 20256 | Lair:3   | Found a runed translucent door.
 20256 | Lair:3   | Noticed Ustreg's ghost (adept DsGl)
 20259 | Lair:3   | Noticed a +0 quarterstaff of chaos
 20365 | Lair:3   | Noticed a death yak
 20369 | Lair:3   | Noticed a death yak
 20437 | Lair:3   | Killed a death yak
 20438 | Lair:3   | Reached XP level 12. HP: 75/85 MP: 6/26
 21724 | Lair:4   | You fall into a shaft and drop 1 floor!
 21724 | Lair:5   | Entered Level 5 of the Lair of Beasts
 21724 | Lair:5   | Noticed a five-headed hydra
 21741 | Lair:5   | Mangled by a small abomination

Illustrated notes

Levels and vault maps discovered:
D:1:      amcnicky_arrival_wind_blow, layout_loops_corners
D:2:      layout_loops_ring, minmay_gold_behind_fungi, kennysheep_big_empty_room
D:3:      layout_loops_ring, mainiacjoe_overflow_paths
D:4:      layout_cave_pods, serial_shops, nicolae_stop_n_shop_1, serial_park,
          serial_park_tiny_pond, serial_park_paths
          [serial_park_minivault_5x5_3], serial_park_avenue1, serial_park_tiny_2
D:5:      layout_rooms, grunt_temple_overflow_open
D:6:      layout_basic, temple_green
D:7:      layout_basic, hellmonk_ghost_happy_afterlife, serial_aquarium,
          aquarium_bridge_square [aquarium_subvault_wall,
          aquarium_subvault_window, aquarium_subvault_bridge,
          aquarium_subvault_window], aquarium_window_fake,
          aquarium_window_double, aquarium_window_corridor_1, aquarium_window_1,
          aquarium_view_2e, aquarium_view_4, aquarium_balcony_1b,
          hangedman_decor_slide_cut, hangedman_abyss_or_decor_stagger
D:8:      layout_basic, uniq_erica
D:9:      layout_stronghold, kennysheep_mini, hellmonk_lair_entry_icy,
          uniq_psyche
D:10:     layout_basic
Lair:1:   layout_hall_layers, ebering_ghost_funeral_grove
Lair:2:   layout_gridlike, shoals_dummy_entry, spider_nest_entry_web_field,
          gammafunk_ghost_split, uniq_maggie
Lair:3:   layout_chaotic_city, ebering_ghost_xom, nicolae_lair_grazing_beasts
          [nicolae_sub_lair_graze_edge, nicolae_sub_lair_graze_edge,
          nicolae_sub_lair_graze_edge, nicolae_sub_lair_graze_edge],
          serial_bayou_shore_b, serial_bayou_shore_a, uniq_prince_ribbit2
Lair:4:   layout_gridlike, serial_bayou_lake_a
Lair:5:   hellmonk_lair_end_abyssal_woods, layout_layer_cave, slime_entry_1

Skill      XL: |  1  2  3  4  5  6  7  8  9 10 11 12 |
---------------+-------------------------------------+-----
Spellcasting   | 2 3 4 6 7 |  7.0
Earth Magic    | 3 4 6 8 |  8.0
Conjurations   | 1 2 3 4 6 8 |  8.0
Transmutations | 1 2 3 5 |  5.0
Stealth        | 2 3 5 7 |  7.0
Dodging        | 2 3 5 12 | 12.0
Fighting       | 1 2 3 |  3.0
Short Blades   | 1 2 5 6 7 |  7.0
Air Magic      | 2 |  2.0
Poison Magic   | 2 |  2.0
Armour         | |  0.3

Action                     |  1- 3 |  4- 6 |  7- 9 | 10-12 || total
---------------------------+-------+-------+-------+-------++-------
  Melee: Dagger            |     1 |       |    51 |   213 ||   265
         Punch             |       |       |     1 |     5 ||     6
   Fire: Shortbow          |       |       |    77 |    35 ||   112
   Cast: Sandblast         |    56 |   112 |    13 |     3 ||   184
         Stone Arrow       |       |     1 |    98 |    93 ||   192
         Petrify           |       |       |    23 |    99 ||   122
         Passwall          |       |       |     5 |    30 ||    35
         Poisonous Vapours |       |       |       |    10 ||    10
    Use: Scroll            |     7 |     6 |     7 |    12 ||    32
         Potion            |       |       |     1 |     3 ||     4
   Stab: Petrified         |       |       |    33 |   170 ||   203
         Petrifying        |       |       |     2 |     3 ||     5
         Sleeping          |       |       |       |     1 ||     1
 Armour: Robe              |     2 |     5 |    14 |    10 ||    31
         Troll leather arm |       |       |       |    44 ||    44
  Dodge: Dodged            |     3 |    22 |    67 |   193 ||   285
  Block: Other             |       |       |       |    33 ||    33

Table legend: (Time is in decaauts)
 A = Elapsed time spent in this place.
 B = Non-inter-level travel time spent in this place.
 C = Inter-level travel time spent in this place.
 D = Time resting spent in this place.
 E = Time spent auto-exploring this place.
 F = Levels seen in this place.
 G = Mean time per level.
                   A        B        C        D        E       F      G
               +--------+--------+--------+--------+--------+-----+--------+
         Total |  21771 |  19869 |   1902 |   5536 |  10818 |  15 | 1451.4 |
       Dungeon |  16590 |  15002 |   1588 |   4237 |   8269 |  10 | 1659.0 |
          Lair |   5180 |   4867 |    313 |   1299 |   2549 |   5 | 1036.0 |
               +--------+--------+--------+--------+--------+-----+--------+

Top non-repeatable levels by time:
     D:9: 3455 daAuts
     D:8: 2436 daAuts
  Lair:2: 2059 daAuts
  Lair:3: 2043 daAuts
     D:6: 2012 daAuts
    D:10: 1816 daAuts
     D:7: 1721 daAuts
     D:1: 1324 daAuts
     D:2: 1094 daAuts
     D:4: 1033 daAuts
  Lair:1: 1018 daAuts
     D:3: 963 daAuts
     D:5: 733 daAuts
  Lair:4: 42 daAuts
  Lair:5: 16 daAuts
